 Dungeon Crawl Stone Soup version 0.30.0-29-ga12c61a403 (webtiles) character file.

Game seed: 3710643402768517397

2895 comborobin the Basher (level 9, -1/69 HPs)
             Began as a Demigod Delver on June 6, 2023.
             Killed by divine providence
             ... invoked by an orc priest
              (12 damage)
             ... on level 6 of the Dungeon.
             The game lasted 00:09:48 (8894 turns).

comborobin the Basher (Demigod Delver)              Turns: 8894, Time: 00:09:49

Health: -1/69      AC:  5    Str: 25    XL:     9   Next: 24%
Magic:  0/11       EV: 12    Int: 12    God:
Gold:   590        SH:  0    Dex: 15    Spells: 8/8 levels left

rFire   + + .        l - +2 dire flail (holy)
rCold   + . .        (shield currently unavailable)
rNeg    . . .        h - +2 robe {rC+ rF+}
rPois   +            y - +0 hat
rElec   .            w - +0 cloak
rCorr   .            (no gloves)
SInv    .            (no boots)
Will    .....        f - amulet of guardian spirit
Stlth   +++          d - ring of poison resistance
HPRegen 0.31/turn    j - ring of protection from fire
MPRegen 0.12/turn

%: guardian spirit
@: no status effects
A: high MP 1, forlorn, divine attributes, deterioration 1
a: no special abilities


You were on level 6 of the Dungeon.
You visited 1 branch of the dungeon, and saw 7 of its levels.

You collected 590 gold pieces.

Inventory:

Hand Weapons
 a - a +0 morningstar
 e - a +2 whip of flaming
 l - a +2 dire flail of holy wrath (weapon)
 q - the +3 trident of Big Damage {holy, Str+2}
   (You found it on level 7 of the Dungeon)

   Str:       It affects your strength (+2).
 s - a +3 whip
 t - the +5 rapier "Ecsagh" {freeze, rPois rF+ Str-2}
   (You found it on level 2 of the Dungeon)

   Str:       It affects your strength (-2).
   rF:        It protects you from fire.
   rPois:     It protects you from poison.
 u - a +1 heavy hand axe
Missiles
 n - 7 poisoned darts (quivered)
 x - 5 javelins
Armour
 b - a +2 leather armour
 h - a +2 robe of resistance (worn)
 p - an orb of energy
 v - a +0 buckler
 w - a +0 cloak (worn)
 y - a +0 hat (worn)
 C - +0 steam dragon scales
Jewellery
 d - a ring of poison resistance (left hand)
 f - an amulet of guardian spirit (around neck)
 i - a ring of wizardry
 j - a ring of protection from fire (right hand)
 k - an amulet of magic regeneration
Wands
 g - a wand of digging (3)
 B - a wand of flame (16)
Scrolls
 c - 2 scrolls of fog
 m - 3 scrolls of identify
 o - 2 scrolls of noise
Potions
 r - a potion of curing
 z - a potion of ambrosia
 A - a potion of brilliance


   Skills:
 - Level 3.1 Fighting
 + Level 11.8 Maces & Flails
 - Level 2.3 Dodging
 - Level 4.9 Stealth


You had 8 spell levels left.
You didn't know any spells.
Your spell library contained the following spells:

 Spells                   Type           Power      Damage    Failure   Level
 Apportation              Tloc           0%         N/A       32%         1
 Alistair's Intoxication  Tmut/Pois      0%         N/A       100%        5


Dungeon Overview and Level Annotations

Branches:
Dungeon (7/15)             Temple (0/1) D:7

Shops:
D:2 (

Annotations:
D:5 1 runed translucent door, suzumiya's ghost, amateur OgGl
D:6 Eustachio


Innate Abilities, Weirdness & Mutations

You have an increased reservoir of magic. (+10% MP)
You shall have no god before yourself.
Your divine heritage dramatically boosts your attributes as you level up.
Your body sometimes deteriorates upon taking damage.


Message History

You hit the yak.
The yak is almost dead.
The yak gores you!
You sock the yak!
You kill the yak!
The yak closely misses you.
You sock the yak!
The yak is moderately wounded.
The yak gores you!
You are too injured to fight recklessly!
You hit the yak.
The yak is moderately wounded.
The yak barely misses you.
You are too injured to fight recklessly!
You are too injured to fight recklessly!
Okay, then.
Okay, then.
The yak attacks as you move away! The yak gores you but does no damage.
The yak attacks as you move away! The yak gores you.
The yak attacks as you move away! The yak gores you.
The yak attacks as you move away! The yak closely misses you.
The yak attacks as you move away! The yak gores you.
You see here 3 stones.
The yak attacks as you move away! The yak completely misses you.
The yak attacks as you move away! The yak closely misses you.
The yak attacks as you move away! The yak closely misses you.
There is a stone staircase leading up here.
The yak gores you!
You climb upwards.
Level annotation: Eustachio The orc priest shouts!
The orc shouts! x3
The orc hits you with a +0 war axe!
* * * LOW HITPOINT WARNING * * *
The orc hits you with a +0 war axe!
* * * LOW HITPOINT WARNING * * *
The orc priest looks braver for a moment.
The orc barely misses you.
The orc priest invokes the aid of Beogh against you.
Beogh smites you!
You die...

*,,,,,,,..#,,..#*,,,,,
#.#.#*#.#.......,,,...
#.#..,..#...##.#**#...
#....*......##.# #...
#....,..o...*#.# #..,
*#...#....####.# #.##
#...#.........####...
#..o#o#..###.........
#..o@Yo......###.....
#....##..###.# #..<..
#....##,,# #.###.....
#.....,,,* #...#.....
#...####.###.#..##...
####............o....
*.###.###.##..o...
****,***+**#g#####...
*,,,,,,,,,,#g######.#


You could see a yak, 2 orc priests and 3 orcs.

Vanquished Creatures
  Pikel (D:4)
  Maggie (D:7)
  A yak (D:7)
  A steam dragon (D:7)
  Menkaure (D:7)
  Edmund (D:4)
  2 water moccasins (D:5)
  3 ice beasts
  A sky beast (D:7)
  4 ogres
  A bullfrog (D:6)
  A scorpion (D:2)
  A howler monkey (D:7)
  A gnoll bouda (D:6)
  A jelly (D:7)
  An orc priest (D:5)
  2 hounds
  A sleepcap (D:6)
  An iguana (D:5)
  5 orc wizards
  6 gnolls
  7 adders
  2 white imps
  An ufetubus (D:5)
  2 worms
  3 dart slugs
  18 orcs
  6 ball pythons
  3 bats
  6 endoplasms
  8 giant cockroaches
  7 goblins
  4 hobgoblins
  3 jackals (D:3)
  5 kobolds
  2 quokkas (D:5)
  5 frilled lizards
  A rat (D:3)
120 creatures vanquished.

Notes
Turn   | Place    | Note
-------+----------+-------------------------------------------
     0 | D:5      | comborobin the Demigod Delver began the quest for the Orb.
     0 | D:5      | Reached XP level 1. HP: 18/18 MP: 3/3
    73 | D:6      | Noticed a gnoll sergeant
   534 | D:3      | Reached skill level 2 in Maces & Flails
   539 | D:3      | Reached XP level 2. HP: 21/25 MP: 4/4
   545 | D:3      | Gained mutation: Your body sometimes deteriorates upon
                  | taking damage. [potion of mutation]
   631 | D:3      | Reached XP level 3. HP: 16/31 MP: 5/5
  1225 | D:3      | Reached skill level 3 in Maces & Flails
  1408 | D:3      | Reached XP level 4. HP: 18/38 MP: 6/6
  2277 | D:2      | Reached skill level 4 in Maces & Flails
  2277 | D:2      | Reached XP level 5. HP: 45/45 MP: 7/7
  2402 | D:2      | Found Liguef's Antique Weapon Boutique.
  2830 | D:2      | Identified the +5 rapier "Ecsagh" {freeze, rPois rF+ Str-2}
  3930 | D:4      | Noticed an ice beast
  3964 | D:3      | Killed an ice beast
  3965 | D:3      | Reached skill level 5 in Maces & Flails
  4065 | D:4      | Noticed Pikel
  4108 | D:4      | Reached XP level 6. HP: 36/51 MP: 8/8
  4488 | D:5      | Reached skill level 6 in Maces & Flails
  4754 | D:5      | Noticed a water moccasin
  4937 | D:6      | Noticed Eustachio
  5170 | D:5      | Killed a water moccasin
  5171 | D:5      | Reached XP level 7. HP: 57/57 MP: 9/9
  5238 | D:5      | Found a runed translucent door.
  5240 | D:5      | Reached skill level 7 in Maces & Flails
  5241 | D:5      | Noticed suzumiya's ghost (amateur OgGl)
  5690 | D:5      | Reached skill level 8 in Maces & Flails
  6093 | D:4      | Killed Pikel
  6094 | D:4      | Reached skill level 9 in Maces & Flails
  6094 | D:4      | Reached XP level 8. HP: 63/63 MP: 7/10
  6481 | D:4      | Noticed Edmund
  6505 | D:4      | Killed Edmund
  7228 | D:6      | Reached skill level 10 in Maces & Flails
  7679 | D:7      | Noticed Menkaure
  7817 | D:7      | Identified the +3 trident of Big Damage {holy, Str+2}
  7832 | D:7      | Found a staircase to the Ecumenical Temple.
  7835 | D:7      | Killed Menkaure
  8177 | D:7      | Reached skill level 11 in Maces & Flails
  8355 | D:7      | Noticed Maggie
  8376 | D:7      | Killed Maggie
  8377 | D:7      | Reached XP level 9. HP: 26/69 MP: 4/11
  8894 | D:6      | Killed from afar by an orc priest

Illustrated notes

Levels and vault maps discovered:
D:1:      dpeg_arrival_rooms_c, layout_loops_ring, grunt_decor_resistance,
          minmay_tromino_v2
D:2:      layout_basic, serial_shops, shop, nrook_mini_vaults
D:3:      layout_loops_corners
D:4:      layout_basic, uniq_edmund, uniq_pikel
D:5:      layout_layer_cave, ebering_ghost_reflecting_pool
D:6:      layout_basic, zin_academy, kennysheep_slug_shrine,
          minmay_overflow_temple_star_quad, minmay_manual_monolith,
          uniq_eustachio
D:7:      layout_loops_cross, minmay_temple_entry_grid, uniq_maggie,
          uniq_menkaure

Skill      XL: |  1  2  3  4  5  6  7  8 |
---------------+-------------------------+-----
Maces & Flails | 2 3 4 5 6 9 11 | 11.8
Dodging        | 2 |  2.3
Fighting       | 3 |  3.1
Stealth        | |  4.9

Action                     |  1- 3 |  4- 6 |  7- 9 || total
---------------------------+-------+-------+-------++-------
  Melee: Mace              |    36 |       |       ||    36
         Morningstar       |    54 |    56 |    56 ||   166
         Rapier            |       |    78 |       ||    78
         Dire flail        |       |       |   118 ||   118
  Throw: Dart              |       |     9 |     7 ||    16
  Evoke: Wand              |     4 |     5 |       ||     9
    Use: Potion            |     2 |     5 |     3 ||    10
         Scroll            |       |    10 |     2 ||    12
   Stab: Sleeping          |     4 |    12 |     2 ||    18
         Distracted        |       |     1 |       ||     1
 Armour: Leather armour    |    30 |    32 |     9 ||    71
         Robe              |       |       |    17 ||    17
  Dodge: Dodged            |    85 |   103 |    81 ||   269
